 Dungeon Crawl Stone Soup version 0.22-a0-480-g991dd4b (webtiles) character file.

466 galech the Skirmisher (level 7, 0/112 HPs)
             Began as an Ogre Berserker on June 15, 2018.
             Was a Believer of Trog.
             Slain by an adder (2 damage)
             ... on level 4 of the Dungeon.
             The game lasted 00:04:02 (3456 turns).

galech the Skirmisher (Ogre Berserker)              Turns: 3456, Time: 00:04:02

Health: 0/112      AC:  3    Str: 29    XL:     7   Next: 8%
Magic:  7/7        EV: 11    Int:  8    God:    Trog [**....]
Gold:   122        SH:  0    Dex:  8    Spells: 6/6 levels left

rFire    . . .     SeeInvis .   o - +0 giant spiked club
rCold    . . .     Gourm    .   (shield currently unavailable)
rNeg     . . .     Faith    .   b - +0 animal skin
rPois    .         Spirit   .   (helmet restricted)
rElec    .         Reflect  .   (no cloak)
rCorr    +         Harm     .   (gloves unavailable)
MR       +....                  (boots unavailable)
Stlth    ..........             (no amulet)
HPRegen  0.28/turn              e - ring of resist corrosion
MPRegen  0.10/turn              l - ring of protection from magic

@: berserking (expiring), very quick
A: large, unfitting armour, tough skin 1
a: Berserk, Trog's Hand, Renounce Religion


You were on level 4 of the Dungeon.
You worshipped Trog.
Trog was pleased with you.
You were hungry.

You visited 1 branch of the dungeon, and saw 4 of its levels.

You collected 122 gold pieces.

Inventory:

Hand Weapons
 a - a +0 mace
 o - a +0 giant spiked club (weapon)
Armour
 b - a +0 animal skin (worn)
Jewellery
 e - a ring of resist corrosion (left hand)
 l - a ring of protection from magic (right hand)
Wands
 d - a wand of disintegration (17)
Scrolls
 f - a scroll of magic mapping {unknown}
 j - 2 scrolls of teleportation {unknown}
 k - a scroll of blinking {unknown}
 q - a scroll of identify {unknown}
Potions
 g - 5 potions of curing {unknown}
 h - 3 potions of ambrosia {unknown}
 i - 2 potions of mutation {unknown}
 m - a potion of haste
 n - 2 potions of heal wounds {unknown}
 p - 2 potions of flight {unknown}
Comestibles
 c - a ration
 r - 2 chunks of flesh


   Skills:
 + Level 6.1 Fighting
 + Level 5.1 Maces & Flails
 + Level 4.0 Dodging
 + Level 1.2 Stealth


You had 6 spell levels left.
You didn't know any spells.
Your spell library was empty.

Dungeon Overview and Level Annotations

Branches:
Dungeon (4/15)
 Temple: D:4-7

Altars:


Innate Abilities, Weirdness & Mutations

You are too large for most types of armour.
You have tough skin. (AC +1)


Message History

The adder is moderately wounded.
The adder bites you but does no damage. The adder closely misses you.
You closely miss the adder.
The adder is moderately wounded.
The adder barely misses you.
You miss the adder.
The adder is moderately wounded.
The adder closely misses you.
You miss the adder.
The adder is lightly wounded.
The adder bites you.
* * * LOW HITPOINT WARNING * * *
The adder barely misses you.
You closely miss the adder.
The adder is lightly wounded.
The adder closely misses you.
You barely miss the adder.
The adder is lightly wounded.
The adder bites you.
You die...

............!....##
[.................#
...........^(.....#
..................##
#########..........#
##........##..#
#...........# ..
..........รท.# .
.........?.@#
............S#
.............#
(....(.......#
...........##
.........###
......#### ###


You could see an adder.

Vanquished Creatures
  Sigmund (D:2)
  An ogre (D:3)
  A hound (D:3)
  An orc wizard (D:3)
  A worker ant (D:4)
  Terence (D:2)
  5 adders
  An adder zombie (D:4)
  4 worms
  3 dart slugs (D:1)
  4 orcs (D:3)
  A ball python (D:1)
  4 bats
  4 giant cockroaches
  6 goblins
  4 hobgoblins
  8 jackals
  A quokka (D:3)
  6 frilled lizards
  6 kobolds
  7 rats
70 creatures vanquished.

Notes
Turn   | Place    | Note
-------+----------+-------------------------------------------
     0 | D:1      | galech the Ogre Berserker began the quest for the Orb.
     0 | D:1      | Reached XP level 1. HP: 24/24 MP: 1/1
   264 | D:1      | Reached XP level 2. HP: 30/32 MP: 2/2
   687 | D:1      | Reached XP level 3. HP: 28/40 MP: 3/3
   724 | D:1      | Reached ** piety under Trog
  1508 | D:2      | Reached XP level 4. HP: 43/49 MP: 4/4
  1513 | D:2      | Noticed Sigmund
  1519 | D:2      | Killed Sigmund
  1519 | D:2      | Reached skill level 5 in Fighting
  1519 | D:2      | Reached XP level 5. HP: 45/57 MP: 5/5
  1765 | D:2      | Noticed Terence
  1772 | D:2      | Killed Terence
  1772 | D:2      | Reached XP level 6. HP: 66/66 MP: 6/6
  2035 | D:3      | Reached skill level 1 in Stealth
  2414 | D:3      | Reached skill level 5 in Maces & Flails
  3343 | D:4      | Reached skill level 6 in Fighting
  3343 | D:4      | Reached XP level 7. HP: 75/75 MP: 7/7
  3448 | D:4      | HP: 5/112 [adder (2)]
  3449 | D:4      | HP: 2/112 [adder (3)]
  3454 | D:4      | HP: 2/112 [adder (2)]
  3456 | D:4      | Slain by an adder

Vault maps used:
D:1:      dpeg_arrival_shrine
D:2:      uniq_terence, uniq_sigmund
D:4:      nicolae_dithmenos_shadow_blocks, temple_fountains,
          hangedman_decor_peaks_small, kennysheep_another_room

Skill      XL: |  1  2  3  4  5  6 |
---------------+-------------------+-----
Maces & Flails | 3 4 5 |  5.1
Dodging        | 3 4 |  4.0
Fighting       | 5 6 |  6.1
Stealth        | 1 |  1.2

Action                   |  1- 3 |  4- 6 |  7- 9 || total
-------------------------+-------+-------+-------++-------
Melee: Mace              |   102 |    36 |       ||   138
       Giant spiked club |       |    66 |    37 ||   103
Invok: Berserk           |     2 |     2 |     2 ||     6
       Trog's Hand       |     1 |       |       ||     1
  Eat: Chunk             |     2 |     7 |     1 ||    10
       Ration            |     1 |       |       ||     1
Armor: Animal skin       |    35 |    23 |    12 ||    70
Dodge: Dodged            |    64 |    83 |    44 ||   191

Table legend:
 A = Spawn XP
 B = Non-spawn XP
 C = Spawn XP percentage of total XP
 D = Spawn monster count
 E = Non-spawn monster count
 F = Spawn count percentage of total count
 G = Total turns spent on level
                    A         B        C        D         E        F      G
               +---------+---------+-------+---------+---------+-------+---------
         Total |       0 |     666 |   0.0 |       0 |      70 |   0.0 |  3456
               +---------+---------+-------+---------+---------+-------+---------
           D:1 |       0 |      41 |   0.0 |       0 |      24 |   0.0 |   935
           D:2 |       0 |     303 |   0.0 |       0 |      19 |   0.0 |  1027
           D:3 |       0 |     268 |   0.0 |       0 |      23 |   0.0 |  1318
           D:4 |       0 |      54 |   0.0 |       0 |       4 |   0.0 |   176
               +---------+---------+-------+---------+---------+-------+---------
